Map: Echo LE (Void)

Players

Fenna (fenn3r)

  • Race: Zerg Zerg

GimliTerran (iaguz) - Winner!

  • Race: Terran Terran

VOD

Have the link to the VOD?

Description

Time

  • Played on: April 28, 2015, 8:30 p.m.
  • Length: 5:27
Show
View Real Time Build Order
Export as new Build Order

Fenna Zerg 

Build Orders: Hatch First 

Get SALT Encoding   

  12  0:01  Drone  
  13  0:08  Drone  
  14  0:17  Extractor  
  14  0:18  Drone  
  15  0:39  Hatchery  
  14  0:43  Extractor  
  14  0:44  Drone  
  15  0:55  Spawning Pool  
  14  1:01  Extractor  
  14  1:02  Drone  
  14  1:07  Extractor  
  14  1:08  Drone  
  16  1:17  Overlord  
  16  1:35  Drone x2  
  16  1:37  Drone  
  19  1:44  Queen  
  21  1:47  Zergling x2  
  21  1:51  Queen  
  21  1:52  Zergling x2  
  25  1:58  Overlord  
  25  2:04  Drone  
  26  2:09  Drone  
  26  2:12  Drone  
  28  2:19  Drone  
  28  2:20  Queen  
  31  2:26  Drone  
  31  2:27  Queen  
  34  2:35  Extractor  
  32  2:40  Spore Crawler  
  31  2:44  Zergling x2  
  32  2:53  Overlord  
  32  2:55  Overlord  
  32  2:57  Drone x3  
  35  3:05  Extractor  
  34  3:07  Drone  
  34  3:11  Queen  
  37  3:22  Zergling x16  
  40  3:44  Overlord  
  40  3:46  Zergling x12  
  40  3:47  Zergling x2  
  46  3:56  Metabolic Boost  
  46  3:57  Drone x2  
  46  4:16  Overlord  
  43  4:48  Zergling x12  
  43  4:49  Zergling x6  
  43  4:51  Queen x2  
  49  5:01  Zergling x10  
Show
View Real Time Build Order
Export as new Build Order

GimliTerran Terran - Winner!

Build Orders:  

Get SALT Encoding   

  12  0:01  SCV  
  13  0:13  Supply Depot  
  13  0:17  SCV  
  14  0:29  SCV  
  15  0:39  Barracks  
  15  0:41  Refinery  
  15  0:44  SCV  
  16  0:56  Barracks  
  16  0:59  SCV  
  17  1:06  Refinery  
  17  1:12  SCV  
  18  1:26  Orbital Command  
  18  1:29  Reaper  
  19  1:43  Reaper  
  20  1:49  Barracks  
  20  1:52  SCV  
  21  2:04  Reaper  
  21  2:05  Supply Depot  
  22  2:17  Reaper, Barracks  
  23  2:27  SCV  
  24  2:38  Reaper  
  24  2:39  SCV  
  26  2:51  SCV, Reaper  
  26  2:52  Reaper  
  26  2:56  Barracks  
  29  3:01  Supply Depot  
  29  3:05  Reaper  
  31  3:13  Reaper  
  31  3:17  Barracks  
  31  3:31  Reaper  
  32  3:36  Reaper  
  32  3:38  Reaper  
  34  3:45  Reaper x2  
  36  3:48  Supply Depot  
  36  3:51  SCV  
  37  3:56  Barracks  
  37  4:03  Reaper  
  37  4:05  Reaper  
  39  4:10  Reaper x2  
  40  4:19  Reaper  
  40  4:29  Reaper  
  41  4:35  Reaper  
  41  4:36  SCV  
  41  4:46  Reaper  
  41  4:51  Reaper  
  43  4:53  SCV  
Tags
 
Add a new tag
Caveats
  • Supply blocks, unpowered buildings, or Contaminate may cause inaccurate times.
  • Supply counts are checked every 10 seconds.